 Dungeon Crawl Stone Soup version 0.21-a0-630-g344d351 (webtiles) character file.

62 Firecrotchwizard the Cudgeler (level 4, -3/48 HPs)
             Began as an Ogre Berserker on Dec 26, 2017.
             Was a Follower of Trog.
             Slain by an orc warrior
             ... wielding a +0 scimitar
              (14 damage)
             ... on level 3 of the Dungeon.
             The game lasted 00:01:54 (1990 turns).

Firecrotchwizard the Cudgeler (Ogre Berserker)      Turns: 1990, Time: 00:01:54

Health: -3/48      AC:  3    Str: 27    XL:     4   Next: 8%
Magic:  4/4        EV: 10    Int:  8    God:    Trog [*.....]
Gold:   124        SH:  0    Dex:  9    Spells: 3/3 levels left

rFire    . . .     SeeInvis .   a - +0 mace
rCold    . . .     Gourm    .   (no shield)
rNeg     . . .     Faith    .   b - +0 animal skin
rPois    .         Spirit   .   (helmet restricted)
rElec    .         Reflect  .   (no cloak)
rCorr    .         Harm     .   (gloves unavailable)
MR       .....                  (boots unavailable)
Stlth    +.........             (no amulet)
HPRegen  0.16/turn              l - +6 ring of strength
MPRegen  0.09/turn              (no ring)

@: no status effects
A: large, unfitting armour, tough skin 1
a: Berserk, Burn Spellbooks, Renounce Religion


You were on level 3 of the Dungeon.
You worshipped Trog.
Trog was aware of your devotion.
You were not hungry.

You visited 1 branch of the dungeon, and saw 3 of its levels.

You collected 124 gold pieces.

Inventory:

Hand Weapons
 a - a +0 mace (weapon)
Armour
 b - a +0 animal skin (worn)
Jewellery
 l - a +6 ring of strength (left hand)
   (You found it on level 2 of the Dungeon)
Scrolls
 f - 4 scrolls of identify {unknown}
 h - a scroll of remove curse {unknown}
 i - a scroll of noise {unknown}
 k - a scroll of fog {unknown}
Potions
 d - 2 potions of mutation {unknown}
 e - a potion of brilliance
 j - a potion of curing
Comestibles
 c - 6 rations {@e1}
 g - a chunk of flesh {@w0}


   Skills:
 - Level 4.0 Fighting
 + Level 4.4 Maces & Flails
 - Level 2.6 Dodging


You had 3 spell levels left.
You didn't know any spells.

Dungeon Overview and Level Annotations

Branches:
Dungeon (3/15)

Altars:
Cheibriados
Gozag


Innate Abilities, Weirdness & Mutations

You are too large for most types of armour.
You have tough skin. (AC +1)


Message History

You see here a club.
Some of the chunks of flesh in your inventory have rotted away.
Eating a chunk of flesh {@w0}.
You eat the chunk of flesh {@w0}.
You now have 124 gold pieces (gained 14).
A bat comes into view.
Health restored: 39 An adder comes into view.
The adder hisses angrily.
The bat hits you.
You take 1 damage, and have 38/39 hp.
You barely miss the bat. The bat hits you but does no damage.
The bat barely misses you.
You closely miss the bat. The bat barely misses you.
The adder closely misses you.
You closely miss the adder. The bat barely misses you.
The adder completely misses you.
You miss the adder. The bat barely misses you. The bat misses you.
The adder barely misses you. x2
Health restored: 39 You closely miss the adder.
The bat closely misses you. The adder closely misses you.
You hit the adder. The bat hits you but does no damage. The adder bites you.
The adder closely misses you.
You take 3 damage, and have 36/39 hp.
You barely miss the adder. The bat hits you but does no damage.
The adder completely misses you.
You miss the adder. The adder barely misses you.
The bat hits you but does no damage. The adder closely misses you.
You hit the adder. The bat hits you but does no damage.
The adder closely misses you.
You closely miss the adder. The bat hits you but does no damage.
The adder misses you. The adder bites you.
You take 1 damage, and have 35/39 hp.
You closely miss the adder. The bat closely misses you.
The adder barely misses you.
You barely miss the adder. The bat hits you but does no damage.
The adder closely misses you. The adder barely misses you.
You sock the adder!
You kill the adder!
Trog accepts your kill. The bat closely misses you. The bat closely misses you.
The bat hits you.
You take 1 damage, and have 34/39 hp.
You closely miss the bat. The bat hits you. The bat closely misses you.
You take 1 damage, and have 33/39 hp.
You closely miss the bat. The bat hits you but does no damage.
You thump the bat!
You kill the bat!
Trog accepts your kill.
You have reached level 4!
You regained 8 hp, and now have 42/48 hp.
MP restored: 4 You butcher the bat corpse.
g - a chunk of flesh {@w0} You see here a bat skeleton. x2
Found a stone staircase leading down.
You see here a spear.
You see here a ring mail.
There is a snail-covered altar of Cheibriados here.
There is a stone staircase leading up here.
Done exploring.
Health restored: 48 Done exploring.
Done exploring.
(D) Dungeon
Where to? (Enter - D:2, ? - help)
There is a stone staircase leading down here.
You climb downwards. 2 orcs come into view.
The orc shouts! x2; You hear a shout! x3
There is a stone staircase leading up here.
There are monsters nearby! 2 orcs and an orc warrior come into view.
The orc warrior shouts!
The orc shouts! x2
You hit the orc. The orc hits you with a short sword.
A kobold comes into view.
You take 3 damage, and have 45/48 hp.
You hit the orc. The orc hits you with a short sword.
You take 2 damage, and have 43/48 hp.
You thump the orc!
You kill the orc!
Trog accepts your kill.
You sock the orc!
You kill the orc!
Trog accepts your kill. The kobold barely misses you.
You barely miss the kobold. The kobold hits you.
You closely miss the orc. The orc hits you. The kobold hits you.
You take 2 damage, and have 41/48 hp.
You hit the orc warrior. The kobold hits you.
The orc warrior hits you with a scimitar!!
Ouch! That really hurt!
* * * LOW HITPOINT WARNING * * *
The kobold barely misses you.
You take 30 damage, and have 11/48 hp.
MASSIVE DAMAGE!!
You barely miss the orc warrior.
The orc warrior hits you with a scimitar!
You die...

#..# #..# #..#
..# .o. #o# ##.
#o# ...# #@#
.#.#..##K#
.......<.#
.#.#..#........
...# #.##.####
##. #.# .# b..
# #.# ...


You could see an orc warrior, 2 orcs, a bat and a kobold.

Vanquished Creatures
  3 adders (D:2)
  2 dart slugs
  2 orcs (D:3)
  A giant cockroach (D:1)
  3 goblins
  2 hobgoblins (D:2)
  4 kobolds
  A quokka (D:2)
  3 bats (D:2)
  5 frilled lizards
  6 rats
32 creatures vanquished.

Notes
Turn   | Place    | Note
-------+----------+-------------------------------------------
     0 | D:1      | Firecrotchwizard the Ogre Berserker began the quest for the Orb.
     0 | D:1      | Reached XP level 1. HP: 24/24 MP: 1/1
    38 | D:1      | Reached skill level 3 in Maces & Flails
   317 | D:1      | Reached XP level 2. HP: 32/32 MP: 2/2
   956 | D:2      | Found a snail-covered altar of Cheibriados.
   983 | D:2      | HP: 11/48 [adder (4)]
   984 | D:2      | Reached XP level 3. HP: 13/39 MP: 3/3
   990 | D:2      | HP: 8/58 [poisoned by an adder]
   998 | D:2      | HP: 4/39 [poisoned by an adder]
  1003 | D:2      | HP: 3/39 [poisoned by an adder]
  1290 | D:2      | Reached skill level 4 in Maces & Flails
  1548 | D:2      | Found an opulent altar of Gozag.
  1782 | D:2      | Reached XP level 4. HP: 41/48 MP: 4/4
  1981 | D:3      | Noticed an orc warrior
  1989 | D:3      | HP: 11/48 [orc warrior/scimitar (27)]
  1990 | D:3      | Slain by an orc warrior

Vault maps used:
D:1:      scummos_arrival_hexagon, hex_large
D:2:      grunt_gozag_statues, old_standard_altar, first_ration,
          minmay_misc_feat_roman
D:3:      nicolae_overflow_hidden_temple

Skill      XL: |  1  2  3 |
---------------+----------+-----
Maces & Flails | 3 4 |  4.4
Fighting       | |  4.0
Dodging        | |  2.6

Action                   |  1- 3 |  4- 6 || total
-------------------------+-------+-------++-------
Melee: Mace              |   101 |     8 ||   109
Invok: Berserk           |     1 |       ||     1
       Burn Spellbooks   |     1 |       ||     1
  Use: Potion            |     2 |       ||     2
 Stab: Sleeping          |     1 |       ||     1
  Eat: Chunk             |     4 |       ||     4
Armor: Animal skin       |    45 |       ||    45
Dodge: Dodged            |    85 |     2 ||    87

Table legend:
 A = Spawn XP
 B = Non-spawn XP
 C = Spawn XP percentage of total XP
 D = Spawn monster count
 E = Non-spawn monster count
 F = Spawn count percentage of total count
 G = Total turns spent on level
                    A         B        C        D         E        F      G
               +---------+---------+-------+---------+---------+-------+---------
         Total |       0 |      89 |   0.0 |       0 |      32 |   0.0 |  1990
               +---------+---------+-------+---------+---------+-------+---------
           D:1 |       0 |      17 |   0.0 |       0 |      10 |   0.0 |   814
           D:2 |       0 |      66 |   0.0 |       0 |      20 |   0.0 |  1166
           D:3 |       0 |       6 |   0.0 |       0 |       2 |   0.0 |    10
               +---------+---------+-------+---------+---------+-------+---------

Vault maps used:
D:1:      scummos_arrival_hexagon, hex_large
D:2:      grunt_gozag_statues, old_standard_altar, first_ration,
          minmay_misc_feat_roman
D:3:      nicolae_overflow_hidden_temple

Table legend:
 A = Turns spent in this place as a percentage of turns spent in the entire game.
 B = Non-inter-level travel turns spent in this place as a percentage of non-inter-level travel turns spent in the entire game.
 C = Inter-level travel turns spent in this place as a percentage of turns spent in this place.
 D = Turns resting spent in this place as a percentage of non-inter-level travel turns spent in this place.
 E = Turns spent auto-exploring this place as a percentage of non-inter-level travel turns spent in this place.
 F = Non-inter-level travel turns spent in this place divided by the number of levels of this place that you've seen.
                   A       B       C       D       E      F
               +-------+-------+-------+-------+-------+----------------------
         Total | 100.0 | 100.0 |   2.2 |  25.6 |  63.1 | 649.0
       Dungeon | 100.0 | 100.0 |   2.2 |  25.6 |  63.1 | 649.0
               +-------+-------+-------+-------+-------+----------------------

Table legend:
 A = Kills in this place as a percentage of kills in entire the game.
 B = Kills by you in this place as a percentage of kills by you in the entire game.
 C = Kills by friends in this place as a percentage of kills by friends in the entire game.
 D = Other kills in this place as a percentage of other kills in the entire game.
 E = Experience gained in this place as a percentage of experience gained in the entire game.
 F = Experience gained in this place divided by the number of levels of this place that you have seen.
                   A       B       C       D       E      F
               +-------+-------+-------+-------+-------+----------------------
         Total | 100.0 | 100.0 |   N/A |   N/A | 100.0 |  29.7
       Dungeon | 100.0 | 100.0 |   N/A |   N/A | 100.0 |  29.7
               +-------+-------+-------+-------+-------+----------------------
